 Dungeon Crawl Stone Soup version 0.29.1-15-g9cfb28693d (webtiles) character file.

Game seed: 7878677652458540462

102 tizbic2 the Digger (level 4, -3/40 HPs)
             Began as a Troll Earth Elementalist on Apr 18, 2023.
             Killed by nerve-wracking pain
             ... invoked by an orc priest
              (13 damage)
             ... on level 3 of the Dungeon.
             The game lasted 00:07:24 (1759 turns).

tizbic2 the Digger (Troll Earth Elementalist)       Turns: 1759, Time: 00:07:24

Health: -3/40      AC:  4    Str: 16    XL:     4   Next: 50%
Magic:  2/2        EV:  9    Int: 13    God:
Gold:   134        SH:  0    Dex: 10    Spells: 6/7 levels left

rFire   . . .      SeeInvis .   d - +2 dagger (antimagic)
rCold   . . .      Faith    .   (no shield)
rNeg    . . .      Spirit   .   t - +0 robe
rPois   +          Reflect  .   (helmet restricted)
rElec   .          Harm     .   (no cloak)
rCorr   .          Rampage  .   (gloves unavailable)
Will    .....                   (boots unavailable)
Stlth   +.........              (no amulet)
HPRegen 0.93/turn               p - ring of poison resistance
MPRegen 0.08/turn               (no ring)

@: no status effects
A: large, unfitting armour, claws 3, regeneration 1, shaggy fur 1, tough skin 1,
wild magic 1, MP-powered wands
a: no special abilities


You were on level 3 of the Dungeon.
You visited 1 branch of the dungeon, and saw 3 of its levels.

You collected 134 gold pieces.

Inventory:

Hand Weapons
 a - a +2 war axe
 d - a +2 antimagic dagger (weapon)
 e - a +1 dagger of venom
 m - a -3 dagger of holy wrath
 n - a +0 vampiric dagger
 w - a +0 sling
Missiles
 i - 5 javelins
 r - 5 poisoned darts
Armour
 t - a +0 robe (worn)
Jewellery
 g - a ring of ice
 p - a ring of poison resistance (left claw)
Scrolls
 c - a scroll of silence {unknown}
 f - a scroll of teleportation
 j - a scroll of fog {unknown}
 l - a scroll of brand weapon {unknown}
 s - a scroll of immolation {unknown}
Potions
 b - a potion of magic
 k - 4 potions of curing {unknown}
 o - a potion of heal wounds {unknown}
 q - a potion of attraction


   Skills:
 + Level 0.6 Fighting
 + Level 0.6 Axes
 - Level 1.5 Dodging
 - Level 1.0 Stealth
 * Level 2.4 Spellcasting
 - Level 0.6 Transmutations
 + Level 3.4 Earth Magic


You had 6 spell levels left.
You knew the following spells:

 Your Spells              Type           Power      Damage    Failure   Level
a - Sandblast             Erth           26%        2d8       10%         1

Your spell library contained the following spells:

 Spells                   Type           Power      Damage    Failure   Level
 Passwall                 Tmut/Erth      6%         N/A       22%         2
 Stone Arrow              Conj/Erth      14%        3d7       45%         3
 Petrify                  Tmut/Erth      8%         N/A       78%         4


Dungeon Overview and Level Annotations

Branches:
Dungeon (3/15)

Altars:


Innate Abilities, Weirdness & Mutations

You are too large for most types of armour.
You have claws for hands.
Your natural rate of healing is unusually fast.
You are covered in fur. (AC +1)
You have tough skin. (AC +1)
Your spells are a little harder to cast, but a little more powerful.
You expend magic power (3 MP) to strengthen your wands.


Message History

You feel magic leave you.
d - a +2 antimagic dagger (weapon)
The orc priest shouts!
The orc priest hits you with a +0 war axe.
The orc hits you from afar with a +0 trident.
You hit the orc priest.
The orc priest is lightly wounded.
The orc priest hits you with a +0 war axe.
The orc hits you from afar with a +0 trident!
You barely miss the orc priest.
The orc priest is lightly wounded.
The orc hits you from afar with a +0 trident.
A rat comes into view.
The orc priest barely misses you. The orc hits you with a +0 trident.
The orc priest closely misses you.
You hit the orc.
The orc is severely wounded.
You hit the orc priest but do no damage.
The orc priest is lightly wounded.
The orc priest hits you with a +0 war axe.
You barely miss the orc.
The orc is severely wounded.
The orc priest closely misses you. The orc hits you with a +0 trident.
You hit the orc.
You kill the orc!
The orc priest barely misses you.
You barely miss the orc priest.
The orc priest is lightly wounded.
The orc priest hits you but does no damage.
You barely miss the orc priest.
The orc priest is lightly wounded.
The orc priest mumbles some strange prayers to Beogh against you.
Beogh smites you!
* * * LOW HITPOINT WARNING * * *
You hit the orc priest.
The orc priest is lightly wounded.
The orc priest begins to cast a cantrip, but forgets the words!
The orc priest mumbles some strange prayers to Beogh against you.
Pain shoots through your body!
You die...

# # ..# #.# ...
... #. ####.#
... .... ....#
#.##.#.. #..# #
#....#..
#..####....
#.#..#..##
##..@ro...#
#....#...#
#...o#.#.##
##.#.##.#.#
#..### #
...#......###..#
.##.....#......#
.##.#........###
.##.#..>..####
.##.###.###
.##...#.######


You could see 2 orc priests and a rat.

Vanquished Creatures
  An iguana (D:2)
  An adder (D:2)
  A gnoll (D:1)
  2 dart slugs (D:2)
  An orc (D:3)
  2 bats (D:1)
  4 endoplasms
  3 giant cockroaches
  7 goblins
  9 hobgoblins
  2 jackals
  2 quokkas (D:2)
  4 ball pythons
  3 frilled lizards (D:1)
  5 kobolds
  A rat (D:2)
48 creatures vanquished.

Notes
Turn   | Place    | Note
-------+----------+-------------------------------------------
     0 | D:1      | tizbic2 the Troll Earth Elementalist began the quest for
                  | the Orb.
     0 | D:1      | Reached XP level 1. HP: 16/16 MP: 1/1
    38 | D:1      | Reached XP level 2. HP: 22/24 MP: 1/3
   239 | D:1      | Reached skill level 3 in Earth Magic
   384 | D:1      | Reached XP level 3. HP: 31/31 MP: 1/4
   424 | D:1      | Found a faded altar of an unknown god.
   549 | D:1      | Gained mutation: Your spells are a little harder to cast,
                  | but a little more powerful. [potion of mutation]
   549 | D:1      | Gained mutation: You expend magic power (3 MP) to
                  | strengthen your wands. [potion of mutation]
  1148 | D:2      | Reached XP level 4. HP: 26/40 MP: 6/6
  1759 | D:3      | Killed from afar by an orc priest

Illustrated notes

Levels and vault maps discovered:
D:1:      dpeg_arrival_brainrot, layout_loops_ring,
          ebering_ecumenical_altar_rust
D:2:      minmay_alternating_diamond, layout_rooms
D:3:      layout_basic, uniq_sigmund

Skill      XL: |  1  2  3 |
---------------+----------+-----
Earth Magic    | 3 |  3.4
Spellcasting   | 2 |  2.4
Fighting       | |  0.6
Axes           | |  0.6
Dodging        | |  1.5
Stealth        | |  1.0
Transmutations | |  0.6

Action                   |  1- 3 |  4- 6 || total
-------------------------+-------+-------++-------
Melee: Unarmed           |     4 |       ||     4
       War axe           |    58 |    37 ||    95
       Dagger            |    32 |    27 ||    59
       Punch             |     2 |       ||     2
 Fire: Sling             |     9 |     6 ||    15
 Cast: Sandblast         |     3 |     1 ||     4
  Use: Scroll            |     3 |     2 ||     5
       Potion            |     1 |       ||     1
Armor: Robe              |    43 |    22 ||    65
Dodge: Dodged            |    48 |    48 ||    96
